 Dungeon Crawl Stone Soup version 0.29-a0-923-g6e406bff71 (webtiles) character file.

Game seed: 14802465119256016725

16216 reriks the Grappler (level 12, -2/117 (119) HPs)
             Began as a Troll Fighter on July 28, 2022.
             Was a Follower of Uskayaw.
             Killed by drain life
             ... invoked by a soul eater
             ... summoned by an orc high priest
              (16 damage)
             ... on level 1 of the Orcish Mines.
             The game lasted 00:22:44 (12544 turns).

reriks the Grappler (Troll Fighter)                Turns: 12544, Time: 00:22:45

HP:   -2/117 (119)  AC: 13    Str: 31    XL:     12   Next: 8%
MP:   11/11         EV: 10    Int:  4    God:    Uskayaw [*.....]
Gold: 911           SH:  9    Dex:  9    Spells: 11/11 levels left

rFire   . . .      SeeInvis .     - Unarmed
rCold   . . .      Faith    .   b - +0 kite shield
rNeg    . . .      Spirit   .   M - +0 acid dragon scales
rPois   +          Reflect  .   m - +2 hat
rElec   .          Harm     .   k - +0 cloak
rCorr   +          Rampage  .   (gloves unavailable)
Will    .....                   (boots unavailable)
Stlth   +.........              B - amulet of magic regeneration
HPRegen 1.09/turn               C - ring of poison resistance
MPRegen 0.52/turn               K - +4 ring of slaying

@: lightly drained
A: large, unfitting armour, claws 3, regeneration 1, shaggy fur 1, tough skin 1
a: Renounce Religion, Stomp


You were on level 1 of the Orcish Mines.
You worshipped Uskayaw.
Uskayaw was noncommittal.
You visited 2 branches of the dungeon, and saw 12 of its levels.
You also visited: Ossuary.

You collected 911 gold pieces.

Inventory:

Hand Weapons
 I - the +2 mace "Spiderslayer" {freeze, rPois rCorr Int+4}
   (You found it on level 8 of the Dungeon)

   It freezes those it strikes, dealing additional cold damage.
   It can also slow down cold-blooded creatures.
   Int:       It affects your intelligence (+4).
   rPois:     It protects you from poison.
   rCorr:     It protects you from acid and corrosion.
Armour
 a - a +0 robe
 b - a +0 kite shield (worn)
 k - a +0 cloak (worn)
 m - a +2 hat (worn)
 J - +0 steam dragon scales
 M - +0 acid dragon scales (worn)
Jewellery
 B - an amulet of magic regeneration (around neck)
 C - a ring of poison resistance (left claw)
 D - an amulet of the acrobat
 E - a ring of protection from fire
 K - a +4 ring of slaying (right claw)
Wands
 z - a wand of flame (5)
 F - a wand of light (2)
Scrolls
 g - 2 scrolls of immolation
 i - 2 scrolls of enchant weapon
 p - 4 scrolls of teleportation
 r - 3 scrolls of fear
 w - a scroll of noise
 y - 6 scrolls of identify
 A - 4 scrolls of blinking
 G - a scroll of poison
 H - a scroll of magic mapping
 N - a scroll of butterflies
Potions
 c - 5 potions of might
 d - 6 potions of heal wounds
 f - 3 potions of flight {unknown}
 h - 4 potions of brilliance {unknown}
 j - 2 potions of attraction {unknown}
 l - 3 potions of mutation {unknown}
 n - a potion of lignification {unknown}
 o - 6 potions of curing {unknown}
 q - 4 potions of degeneration {unknown}
 s - 2 potions of resistance {unknown}
 u - 5 potions of magic {unknown}
 v - a potion of berserk rage {unknown}
 x - a potion of invisibility {unknown}
 L - a potion of ambrosia {unknown}


   Skills:
 + Level 8.0 Fighting
 * Level 7.0 Armour
 + Level 8.0 Dodging
 + Level 8.8 Shields
 + Level 9.4 Unarmed Combat


You had 11 spell levels left.
You didn't know any spells.
Your spell library contained the following spells:

 Spells                   Type           Power      Damage    Failure   Level
 Sublimation of Blood     Necr           0%         N/A       89%         2
 Wereblood                Tmut           0%         N/A       89%         2
 Summon Hydra             Summ           0%         N/A       100%        7


Dungeon Overview and Level Annotations

Branches:
Dungeon (11/15)            Temple (0/1) D:7             Orc (1/2) D:9
Ossuary (visited)
   Lair: D:8-11

Altars:
Cheibriados
Gozag
Hepliaklqana
Kikubaaqudgha
Okawaru
Sif Muna
Uskayaw
Xom
Yredelemnul
Zin
The Shining One

Shops:
D:3 :

Annotations:
D:9 exclusion: oklob sapling
Orc:1 Erica


Innate Abilities, Weirdness & Mutations

You are too large for most types of armour.
You have claws for hands.
Your natural rate of healing is unusually fast.
You are covered in fur. (AC +1)
You have tough skin. (AC +1)


Message History

The orc priest is severely wounded.
You feel very sick.
You hear some strange, mumbled words.
A bolt of poison appears from out of thin air!
The bolt of poison misses you.
The orc priest invokes the aid of Beogh against you.
Beogh smites you!
The orc warrior hits you from afar with a +0 glaive!
The orc high priest mumbles some strange prayers to Beogh.
Okay, then.
Okay, then.
You feel sick.
The orc priest looks encouraged for a moment.
The orc priest attacks as you move away!
The orc priest hits you but does no damage.
You feel sick.
The orc priest looks braver for a moment.
The soul eater closely misses you.
You feel sick.
You feel sick.
You can no longer pass through a line of other dancers.
You feel sick.
The orc priest mumbles some strange prayers to Beogh against you.
Beogh smites you!
* * * LOW HITPOINT WARNING * * *
You feel sick.
You feel sick.
You feel sick.
You are no longer poisoned.
The soul eater attacks as you move away!
The soul eater hits you.
* * * LOW HITPOINT WARNING * * *
You feel drained.
The soul eater attacks as you move away!
You block the soul eater's attack.
The orc priest invokes the aid of Beogh against you.
Beogh smites you!
* * * LOW HITPOINT WARNING * * *
The soul eater draws from the surrounding life force!
You die...

## #....ooO..C.. ##.##
#....oo..... ###...##
##.T4... ######.##...###
#.oo.#..
..#..........o####..#.#..
...........#....#.........
..........#3##.#.o4.......
#............####..#......
##.......@###########.....
#.#.............. .#.##
.........8..8..8. .###
.#.............. #.
##.............. #
#......8..8..8..
##..............
#....8.........
##.#...........


You could see a soul eater (summoned) and an orc priest.

Vanquished Creatures
  Jorgrun (D:9)
  An orc warlord (D:9)
  5 two-headed ogres
  An orc high priest (Orc:1)
  Pikel (D:8)
  An orc sorcerer (Orc:1)
  Maurice (D:9)
  A gargoyle (D:10)
  An unseen horror (D:10)
  Grinder (D:4)
  A troll (D:11)
  A wraith (D:10)
  A shadow (D:10)
  A wyvern (D:7)
  13 yaks
  A steam dragon (D:9)
  4 wargs
  An acid dragon (D:10)
  Duvessa (D:4)
  A water moccasin (D:8)
  14 orc warriors
  An ice beast (D:6)
  3 ogres
  2 centaurs
  A lemure (D:8)
  A phantom (D:5)
  3 kobold brigands (D:9)
  6 bullfrogs
  A gnoll sergeant (D:8)
  4 scorpions
  3 necrophages
  4 wights (D:8)
  Dowan (D:4)
  3 killer bees (D:10)
  5 spriggan skeletons (D:10)
  7 howler monkeys
  A troll skeleton (D:10)
  3 centaur zombies (Ossuary)
  7 orc priests
  6 hounds
  Natasha (thrice) (D:4)
  10 orc wizards
  3 iguanas
  6 mummies (Ossuary)
  11 gnolls
  9 adders
  2 shadow imps
  3 white imps
  3 worms
  A dart slug (D:5)
  45 orcs
  13 ball pythons
  6 endoplasms
  7 giant cockroaches
  6 goblins
  8 hobgoblins
  2 jackals (D:2)
  22 kobolds
  7 quokkas
  6 bats
  4 frilled lizards
  4 hobgoblin zombies (Ossuary)
  5 rats
301 creatures vanquished.

Vanquished Creatures (others)
  A plant (D:9)
1 creature vanquished.

Grand Total: 302 creatures vanquished

Notes
Turn   | Place    | Note
-------+----------+-------------------------------------------
     0 | D:1      | reriks the Troll Fighter began the quest for the Orb.
     0 | D:1      | Reached XP level 1. HP: 22/22 MP: 0/0
    56 | D:1      | Reached XP level 2. HP: 25/29 MP: 1/1
   849 | D:2      | Reached XP level 3. HP: 36/36 MP: 2/2
   990 | D:2      | Identified the +4 dagger of Dissolution {venom, Fly rN+}
  1374 | D:2      | Reached XP level 4. HP: 40/44 MP: 3/3
  1860 | D:3      | Found Utsyec's Vocational Training.
  1872 | D:3      | Reached skill level 3 in Unarmed Combat
  1968 | D:3      | Reached XP level 5. HP: 19/53 MP: 4/4
  2114 | D:3      | Found an iron altar of Okawaru.
  2451 | D:4      | Found a hazy altar of Hepliaklqana.
  2494 | D:4      | Noticed Duvessa
  2495 | D:4      | Noticed Dowan
  2613 | D:4      | Reached XP level 6. HP: 61/61 MP: 5/5
  2639 | D:4      | Noticed Grinder
  2648 | D:4      | Killed Grinder
  2649 | D:4      | Reached skill level 4 in Unarmed Combat
  2649 | D:4      | Reached XP level 7. HP: 57/68 MP: 6/6
  2820 | D:4      | Killed Dowan
  2850 | D:4      | HP: 2/70 [Duvessa/+0 short sword (6)]
  2854 | D:4      | Killed Duvessa
  3101 | D:4      | Found a shimmering blue altar of Sif Muna.
  3207 | D:4      | Noticed Natasha
  3210 | D:4      | Killed Natasha
  3224 | D:4      | Noticed Natasha
  3236 | D:4      | Killed Natasha
  3262 | D:4      | Noticed Natasha
  3269 | D:4      | Killed Natasha
  3358 | D:4      | Found a glowing golden altar of the Shining One.
  3388 | D:4      | Found an ancient bone altar of Kikubaaqudgha.
  3520 | D:5      | Entered Level 5 of the Dungeon
  3657 | D:5      | Reached skill level 5 in Shields
  3657 | D:5      | Reached skill level 5 in Unarmed Combat
  3657 | D:5      | Reached XP level 8. HP: 78/79 MP: 7/7
  4241 | D:5      | Reached skill level 5 in Fighting
  4276 | D:5      | Noticed a +0 spear
  4276 | D:5      | Noticed a +0 falchion
  4276 | D:5      | Noticed a +0 short sword
  4276 | D:5      | Noticed a +0 dagger
  4277 | D:5      | Noticed a +0 falchion
  4277 | D:5      | Noticed a +0 short sword
  4279 | D:5      | Noticed a +0 dagger
  4296 | D:5      | Noticed a +0 spear
  4308 | D:5      | Found a hide-covered altar of Uskayaw.
  4514 | D:5      | Became a worshipper of Uskayaw the Reveller
  4545 | D:6      | Reached * piety under Uskayaw
  4551 | D:6      | Reached skill level 5 in Dodging
  4552 | D:6      | Reached ** piety under Uskayaw
  4596 | D:6      | Found a sand-covered staircase.
  4601 | Ossuary  | Entered an ossuary
  4613 | Ossuary  | Reached *** piety under Uskayaw
  4640 | Ossuary  | Reached **** piety under Uskayaw
  4901 | D:6      | Reached skill level 6 in Unarmed Combat
  5021 | D:6      | Reached XP level 9. HP: 54/88 MP: 8/8
  5997 | D:7      | Found a snail-covered altar of Cheibriados.
  6053 | D:7      | Found a staircase to the Ecumenical Temple.
  6200 | D:7      | Found a glowing silver altar of Zin.
  6531 | D:8      | Found an opulent altar of Gozag.
  6564 | D:8      | Noticed Pikel
  6575 | D:8      | Killed Pikel
  6676 | D:8      | Reached skill level 7 in Unarmed Combat
  6891 | D:8      | Identified the +2 mace "Spiderslayer" {freeze, rPois rCorr
                  | Int+4}
  7045 | D:8      | Reached skill level 1 in Armour
  7064 | D:8      | Noticed a two-headed ogre
  7614 | D:9      | Noticed a two-headed ogre
  8039 | D:9      | Reached XP level 10. HP: 82/100 MP: 9/9
  8058 | D:9      | Reached ***** piety under Uskayaw
  8109 | D:9      | Noticed a two-headed ogre
  8131 | D:9      | Killed a two-headed ogre
  8438 | D:9      | Found a staircase to the Orcish Mines.
  8864 | D:9      | Killed a two-headed ogre
  8865 | D:9      | Reached skill level 8 in Unarmed Combat
  9162 | Orc:1    | Entered Level 1 of the Orcish Mines
  9162 | Orc:1    | Noticed Maurice
  9332 | D:10     | Entered Level 10 of the Dungeon
  9668 | D:10     | Noticed a two-headed ogre
  9680 | D:10     | Killed a two-headed ogre
  9681 | D:10     | Reached XP level 11. HP: 109/109 MP: 6/10
  9775 | D:10     | Reached skill level 5 in Armour
  9906 | D:10     | Found a basalt altar of Yredelemnul.
  9916 | D:10     | Found a shimmering altar of Xom.
 10065 | D:10     | Noticed a two-headed ogre
 10075 | D:10     | Killed a two-headed ogre
 10237 | D:11     | Noticed a two-headed ogre
 10255 | D:10     | Killed a two-headed ogre
 10455 | D:11     | Noticed a boulder beetle
 10486 | D:10     | HP: 4/109 [vampire (11)]
 10633 | Orc:1    | Noticed an orc warlord
 10796 | Orc:1    | Noticed Jorgrun
 11017 | D:9      | Killed an orc warlord
 11018 | D:9      | Reached skill level 9 in Unarmed Combat
 11138 | D:9      | Killed Jorgrun
 11359 | D:9      | Killed Maurice
 11419 | Orc:1    | Noticed an orc high priest
 11535 | Orc:1    | Noticed a soul eater
 11657 | Orc:1    | Killed an orc high priest
 11658 | Orc:1    | Reached XP level 12. HP: 112/119 MP: 11/11
 12522 | Orc:1    | Noticed Erica
 12522 | Orc:1    | Noticed an orc high priest
 12544 | Orc:1    | Killed from afar by a soul eater

Illustrated notes

Levels and vault maps discovered:
D:1:      eino_arrival_tree_alley, layout_basic
D:2:      layout_rooms, grunt_ministairs_1, amcnicky_mini_rare_corridor_liquid,
          cheibrodos_gnoll_hut
D:3:      layout_basic, kennysheep_okawaru_gauntlet, nicolae_shop_vocational
D:4:      layout_rooms, nicolae_sif_muna_little_library,
          mainiacjoe_overflow_six_doors_small, nicolae_tso_swordbearing_angel,
          mainiacjoe_overflow_24_doors, uniq_natasha, uniq_grinder, uniq_duvessa
D:5:      layout_cave_pools, nicolae_uskayaw_en_pointe
D:6:      layout_layer_cave, enter_ossuary_2
D:7:      layout_rooms, zin_scriptorium, slow_altar_1,
          minmay_temple_entry_arrows
D:8:      layout_loops_corners, mainiacjoe_overflow_brackets,
          small_statue_intersection, uniq_pikel
D:9:      layout_roguey, david_orc_1_choice, introduction_to_nature_2
D:10:     layout_rooms, mainiacjoe_overflow_catwalk_spiral,
          hangedman_tell_no_tales
D:11:     layout_cave_pools, lair_entry_dummy, serial_undead, serial_undead_b,
          serial_undead_a, serial_undead_b, serial_undead_d,
          kennysheep_generic_room_12
Orc:1:    layout_caves, nicolae_volcano_entry_s_turn, bh_open_orc_temple,
          uniq_erica, uniq_maurice, uniq_jorgrun

Skill      XL: |  1  2  3  4  5  6  7  8  9 10 11 12 |
---------------+-------------------------------------+-----
Shields        | 3 4 5 6 7 8 |  8.8
Fighting       | 3 4 5 6 7 8 |  8.0
Dodging        | 3 4 5 6 7 8 |  8.0
Unarmed Combat | 3 4 5 6 7 8 9 |  9.4
Armour         | 1 4 6 7 |  7.0

Action                   |  1- 3 |  4- 6 |  7- 9 | 10-12 || total
-------------------------+-------+-------+-------+-------++-------
Melee: Unarmed           |   102 |   112 |   398 |   412 ||  1024
Invok: Stomp             |       |       |     1 |     1 ||     2
       Line Pass         |       |       |       |    13 ||    13
  Use: Scroll            |       |     4 |     8 |     2 ||    14
       Potion            |       |       |     1 |       ||     1
 Stab: Paralysed         |       |       |     4 |    13 ||    17
       Confused          |       |       |       |     1 ||     1
Armor: Robe              |    37 |    34 |   119 |    10 ||   200
       Steam dragon scal |       |       |       |    56 ||    56
       Acid dragon scale |       |       |       |    88 ||    88
Dodge: Dodged            |    47 |    31 |   132 |   181 ||   391
Block: Kite shield       |    31 |    34 |   178 |   207 ||   450

Table legend: (Time is in decaauts)
 A = Elapsed time spent in this place.
 B = Non-inter-level travel time spent in this place.
 C = Inter-level travel time spent in this place.
 D = Time resting spent in this place.
 E = Time spent auto-exploring this place.
 F = Levels seen in this place.
 G = Mean time per level.
                   A        B        C        D        E       F      G
               +--------+--------+--------+--------+--------+-----+--------+
         Total |  12567 |  11954 |    613 |   3467 |   6000 |  13 |  966.7 |
       Dungeon |  11197 |  10584 |    613 |   2574 |   5777 |  11 | 1017.9 |
  Orcish Mines |   1116 |   1116 |      0 |    744 |    198 |   1 | 1116.0 |
       Ossuary |    254 |    254 |      0 |    149 |     25 |   1 |  254.0 |
               +--------+--------+--------+--------+--------+-----+--------+

Top non-repeatable levels by time:
     D:9: 2536 daAuts
     D:8: 1250 daAuts
     D:4: 1242 daAuts
     D:6: 1145 daAuts
   Orc:1: 1116 daAuts
     D:3: 1061 daAuts
    D:10: 1004 daAuts
     D:1: 834 daAuts
     D:5: 804 daAuts
     D:2: 621 daAuts
     D:7: 535 daAuts
 Ossuary: 254 daAuts
    D:11: 158 daAuts
